 Dungeon Crawl Stone Soup version 0.19.1 (console) character file.

1439 nht the Cleaver (level 8, 0/64 HPs)
             Began as a Minotaur Chaos Knight on Nov 27, 2016.
             Killed by divine providence
             ... invoked by an orc priest
              (10 damage)
             ... on level 6 of the Dungeon.
             The game lasted 00:06:37 (3989 turns).

nht the Cleaver (Minotaur Chaos Knight)             Turns: 3989, Time: 00:06:38

Health: 0/64       AC: 13    Str: 18      XL:     8   Next: 45%
Magic:  7/7        EV:  5    Int:  8 (9)  God:    Xom [.*....]
Gold:   310        SH:  0    Dex:  9 (11) Spells: 0 memorised, 7 levels left

rFire  + . .     SeeInvis .     l - +0 battleaxe (chop)
rCold  . . .     Gourm    .     i - +0 plate armour
rNeg   . . .     Faith    .     (shield currently unavailable)
rPois  .         Spirit   .     (helmet restricted)
rElec  .         Reflect  .     (no cloak)
rCorr  .         Harm     .     o - +0 pair of gloves
MR     .....     Clarity  +     j - +0 pair of boots
Stlth  ..........               (no amulet)
                                (no ring)
                                p - ring of flight

@: very slightly contaminated, hasted, very quick
A: retaliatory headbutt, horns 2, clarity, fire resistance 1, evolution 1
a: Renounce Religion, Evoke Flight


You were on level 6 of the Dungeon.
You worshipped Xom.
You were a plaything of Xom.
You were hungry.

You visited 1 branch of the dungeon, and saw 6 of its levels.

You collected 368 gold pieces.
You spent 58 gold pieces at shops.

Inventory:

Hand Weapons
 a - a +1 hand axe of chaos
 e - a +0 war axe
 l - a +0 battleaxe of chopping (weapon)
Missiles
 m - 4 javelins (quivered)
 v - 7 tomahawks
Armour
 i - a +0 plate armour (worn)
 j - a +0 pair of boots (worn)
 o - a +0 pair of gloves (worn)
Jewellery
 p - a ring of flight (left hand)
Wands
 w - a wand of acid (11/15)
Scrolls
 d - 3 scrolls of enchant weapon
 f - 2 scrolls of fog
 h - 8 scrolls of identify
 s - 2 scrolls of remove curse
 t - a scroll of teleportation
 x - a scroll of random uselessness {unknown}
Potions
 g - 3 potions of brilliance
Comestibles
 b - 6 chunks of flesh
 c - 5 bread rations
 k - a meat ration
 r - a slice of pizza
 u - a royal jelly


   Skills:
 - Level 3.6 Fighting
 + Level 12.6 Axes
 - Level 2.4 Armour
 - Level 1.1 Dodging


You had 7 spell levels left.
You didn't know any spells.

Dungeon Overview and Level Annotations

Branches:
Dungeon (6/15)
 Temple: D:4-7

Altars:
Fedhas
Nemelex Xobeh
Trog
Xom

Shops:
D:5 [


Innate Abilities, Weirdness & Mutations

You reflexively headbutt those who attack you in melee.
You have a pair of horns on your head.
You possess an exceptional clarity of mind.
Your flesh is heat resistant. (rF+)
You evolve.


Message History

You are too injured to fight recklessly!
You feel better.
The orc priest calls down the wrath of Beogh upon you.
Pain shoots through your body!
* * * LOW HITPOINT WARNING * * *
You feel yourself speed up.
The orc priest hits you but does no damage.
You are very lightly contaminated with residual magic.
Your plate armour prevents you from hitting the orc priest.
You headbutt the orc priest.
The orc priest is lightly wounded.
You are feeling hungry.
The orc priest mumbles some strange prayers to Beogh against you.
Pain shoots through your body!
* * * LOW HITPOINT WARNING * * *
You slash the orc priest! You headbutt the orc priest.
You kill the orc priest!
The orc priest invokes the aid of Beogh against you.
Beogh smites you!
You die...

.██....(██..............
........█...............
███.....................
█.......................
.██....█..[............
█....█...............
████.█...............
█.██..............
█@███.....██.....█


█o█ ███.█.████████ █.█ █...██ .oo ██...█ ... █...██ ..$.. ██...█ ..... █████
....... You could see an orc priest and 2 orcs.

Vanquished Creatures
  An orc warrior (D:4)
  2 phantoms
  2 centaurs (D:5)
  2 ogres
  A wyvern skeleton (D:6)
  2 scorpions (D:4)
  3 crimson imps
  3 orc priests
  4 hounds (D:4)
  A jelly (D:6)
  A bullfrog skeleton (D:4)
  A worker ant (D:5)
  Natasha (thrice) (D:2)
  A killer bee zombie (D:6)
  6 gnolls
  3 adders (D:2)
  A shadow imp (D:6)
  An ooze (D:2)
  4 worms
  A dart slug (D:3)
  4 leopard geckos
  17 orcs
  2 giant cockroaches
  10 hobgoblins
  9 jackals
  8 kobolds
  3 quokkas
  5 bats
  3 frilled lizards
  8 goblins
  6 rats
118 creatures vanquished.

Notes
Turn   | Place    | Note
-------+----------+-------------------------------------------
     0 | D:1      | nht the Minotaur Chaos Knight began the quest for the Orb.
     0 | D:1      | Reached XP level 1. HP: 19/19 MP: 0/0
    63 | D:1      | Reached skill level 4 in Axes
   113 | D:1      | Reached XP level 2. HP: 17/26 MP: 1/1
   256 | D:1      | XOM: harmless Air miscast
   483 | D:1      | Reached skill level 5 in Axes
   613 | D:2      | Reached XP level 3. HP: 31/31 MP: 2/2
   731 | D:2      | XOM: mild Divn miscast
   757 | D:2      | XOM: divination: detect creatures
   837 | D:2      | Noticed Natasha
   839 | D:2      | Killed Natasha
   839 | D:2      | Reached skill level 6 in Axes
   839 | D:2      | Reached XP level 4. HP: 35/39 MP: 3/3
   925 | D:2      | XOM: harmless Ice miscast
  1018 | D:2      | Noticed Natasha
  1025 | D:2      | Killed Natasha
  1140 | D:2      | XOM: mild Hex miscast
  1420 | D:2      | Noticed Natasha
  1424 | D:2      | Killed Natasha
  1424 | D:2      | Reached skill level 7 in Axes
  1424 | D:2      | Reached XP level 5. HP: 36/45 MP: 4/4
  1516 | D:2      | XOM: god gift: scale mail {god gift}
  1615 | D:3      | Found a faded altar of an unknown god.
  1615 | D:3      | Found a faded altar of an unknown god.
  1621 | D:3      | Found a faded altar of an unknown god.
  1623 | D:3      | Found a sparkling altar of Nemelex Xobeh.
  1625 | D:3      | Found a faded altar of an unknown god.
  1672 | D:3      | XOM: scenery: create altars
  2015 | D:4      | Noticed an orc warrior
  2027 | D:4      | XOM: butterfly on damage
  2047 | D:4      | Killed an orc warrior
  2047 | D:4      | Reached skill level 8 in Axes
  2047 | D:4      | Reached XP level 6. HP: 11/51 MP: 5/5
  2318 | D:4      | Reached skill level 9 in Axes
  2366 | D:4      | XOM: potion effect (invisibility)
  2368 | D:4      | Reached XP level 7. HP: 33/57 MP: 6/6
  2445 | D:4      | Found a bloodstained altar of Trog.
  2461 | D:4      | Found a blossoming altar of Fedhas.
  2482 | D:4      | Reached skill level 10 in Axes
  2670 | D:4      | XOM: mild Air miscast
  2849 | D:4      | XOM: harmless Hex miscast
  2864 | D:5      | Entered Level 5 of the Dungeon
  2914 | D:5      | Found Loniytt's Armour Boutique.
  2915 | D:5      | XOM: confuse monster(s)
  2918 | D:5      | XOM: divination: magic mapping
  2946 | D:5      | XOM: confuse monster(s)
  2950 | D:5      | Bought a +0 pair of boots for 58 gold pieces
  2970 | D:5      | XOM: harmless Chrm miscast
  3027 | D:5      | Reached skill level 11 in Axes
  3049 | D:5      | XOM: divination: magic mapping
  3139 | D:5      | XOM: summons friendly quasit
  3296 | D:5      | Identified a scroll of acquirement
  3350 | D:5      | Reached XP level 8. HP: 56/64 MP: 7/7
  3353 | D:5      | XOM: scenery: create altars
  3560 | D:5      | Gained mutation: Your flesh is heat resistant. (rF+) [potion of mutation]
  3560 | D:5      | Gained mutation: You evolve. [potion of mutation]
  3560 | D:5      | Gained mutation: You possess an exceptional clarity of mind. [potion of mutation]
  3640 | D:6      | Reached skill level 12 in Axes
  3902 | D:6      | XOM: smoke on damage
  3989 | D:6      | Killed from afar by an orc priest

Skill      XL: |  1  2  3  4  5  6  7  8 |
---------------+-------------------------+-----
Axes           | 4 5 6 7 8 9 11 12 | 12.6
Fighting       | |  3.6
Armour         | |  2.4
Dodging        | |  1.1

Action                   |  1- 3 |  4- 6 |  7- 9 || total
-------------------------+-------+-------+-------++-------
Melee: Hand axe          |    59 |    93 |       ||   152
       Headbutt          |     9 |    17 |    23 ||    49
       War axe           |       |    24 |    63 ||    87
       Battleaxe         |       |       |    80 ||    80
Throw: Javelin           |       |     4 |     1 ||     5
  Use: Scroll            |     3 |       |     7 ||    10
       Potion            |       |     7 |     7 ||    14
 Stab: Paralysed         |       |     1 |       ||     1
       Confused          |       |       |     1 ||     1
  Eat: Chunk             |       |     5 |     5 ||    10
Armor: Leather armour    |    14 |    25 |       ||    39
       Skin              |       |     2 |       ||     2
       Plate armour      |       |    24 |   106 ||   130
Dodge: Dodged            |    26 |    56 |    34 ||   116
